Map: [ESL] Hecate

Players

Spirit - Winner!

  • Race: Terran Terran
  • Spawn Location: 7:00

Bly

  • Race: Zerg Zerg
  • Spawn Location: 1:00

Event: ESL SC2 Masters 2023 Winter (Regional)

VOD

Have the link to the VOD?

Description

Time

  • Played on: Oct. 28, 2023, 1:17 p.m.
  • Length: 7:16

All games in this series

Show
View Real Time Build Order
Export as new Build Order

Spirit Terran - Winner!

Build Orders:  

Get SALT Encoding   

  12  0:00  SCV  
  13  0:12  SCV  
  14  0:18  Supply Depot  
  14  0:24  SCV  
  15  0:39  SCV  
  15  0:42  Barracks  
  16  0:44  Refinery  
  16  0:51  SCV  
  17  1:03  SCV  
  18  1:15  SCV  
  19  1:28  Marine  
  19  1:29  Orbital Command  
  20  1:46  Marine, Supply Depot  
  21  1:54  SCV  
  22  2:05  Command Center  
  22  2:07  SCV  
  23  2:09  Marine  
  24  2:18  Factory  
  25  2:22  SCV  
  25  2:28  Barracks Reactor  
  25  2:35  SCV  
  26  2:40  Barracks  
  26  2:47  SCV  
  27  2:57  Refinery  
  27  2:59  SCV  
  27  3:04  Factory Tech Lab  
  27  3:05  Marine x2  
  30  3:11  SCV  
  31  3:23  SCV  
  31  3:24  Orbital Command  
  31  3:25  Marine x2  
  34  3:35  SCV  
  34  3:36  Stimpack, Marine  
  34  3:37  Starport  
  34  3:41  Factory Reactor  
  36  3:43  Marine x2  
  36  3:47  SCV  
  39  3:50  SCV  
  39  3:52  Supply Depot  
  39  3:54  Marine  
  41  3:59  SCV  
  41  4:01  Marine x2  
  41  4:02  SCV  
  44  4:07  Supply Depot  
  44  4:11  SCV  
  44  4:12  Marine  
  46  4:20  Refinery  
  46  4:21  Marine x2  
  46  4:23  SCV  
  50  4:24  Factory Tech Lab, Medivac x2  
  50  4:27  SCV  
  50  4:29  Marine  
  55  4:33  Supply Depot  
  55  4:36  SCV  
  55  4:38  Engineering Bay  
  56  4:41  Marine  
  56  4:42  SCV  
  56  4:44  Marine  
  59  4:48  SCV  
  60  4:54  SCV  
  60  4:55  Siege Tank  
  60  4:57  Supply Depot  
  60  4:59  Marine  
  65  5:00  SCV  
  65  5:01  Marine  
  65  5:05  Terran Infantry Weapons Level 1  
  65  5:06  SCV  
  67  5:07  Marine  
  67  5:12  Supply Depot  
  68  5:16  SCV  
  68  5:17  Marine  
  68  5:19  Marine  
  71  5:21  Supply Depot  
  71  5:24  Marine  
  71  5:28  Siege Tank  
  75  5:34  Marine  
  76  5:36  SCV  
  76  5:37  Marine  
  76  5:42  Marine, SCV  
  78  5:48  SCV  
  77  5:52  Marine  
  77  5:53  Combat Shield  
  77  5:54  Marine  
  77  5:55  Medivac x2  
  77  5:56  Supply Depot  
  83  6:00  Marine, SCV  
  83  6:04  SCV  
  86  6:09  Refinery  
  86  6:16  Marine x2, Siege Tank, SCV  
  86  6:18  Marine  
  90  6:34  Marine x2, SCV  
  90  6:35  Command Center  
  90  6:36  Marine  
  94  6:40  Supply Depot  
  94  6:42  SCV  
  94  6:46  SCV  
  95  6:52  Marine x2  
  95  6:54  Marine, SCV  
  100  6:57  Supply Depot  
  100  6:58  SCV  
Show
View Real Time Build Order
Export as new Build Order

Bly Zerg 

Build Orders: 3 Hatch before Pool 

Get SALT Encoding   

  12  0:00  Drone  
  13  0:10  Drone  
  14  0:14  Extractor  
  14  0:17  Drone  
  14  0:19  Extractor  
  13  0:22  Drone  
  16  0:47  Hatchery  
  15  0:51  Overlord  
  15  1:09  Drone x3  
  18  1:23  Hatchery  
  17  1:28  Drone  
  17  1:30  Extractor  
  17  1:41  Spawning Pool  
  17  1:44  Drone  
  17  1:48  Drone  
  18  1:54  Drone  
  18  1:59  Evolution Chamber  
  19  2:08  Drone  
  20  2:09  Hatchery  
  19  2:20  Overlord  
  19  2:27  Queen  
  22  2:35  Queen  
  24  2:38  Zergling x4  
  26  2:48  Metabolic Boost  
  26  2:54  Drone x2  
  28  2:59  Drone  
  29  3:09  Overlord  
  29  3:10  Queen  
  31  3:14  Drone  
  32  3:23  Queen  
  32  3:25  Drone  
  35  3:31  Drone  
  36  3:42  Drone x4  
  36  3:44  Roach Warren  
  39  3:51  Overlord  
  39  3:53  Drone  
  40  4:05  Extractor, Drone  
  38  4:21  Drone x3  
  38  4:24  Roach x3  
  47  4:25  Roach x3  
  53  4:34  Overlord x3  
  53  4:39  Zergling x10  
  58  4:48  Overlord  
  58  5:00  Ravager x3  
  58  5:01  Zergling x20  
  71  5:13  Overlord  
  71  5:18  Roach  
  71  5:19  Overlord  
  71  5:20  Overlord  
  72  5:25  Overlord x2  
  72  5:28  Overlord  
  72  5:31  Zergling x12  
  65  5:47  Roach  
  65  5:48  Roach  
  53  5:54  Roach x6  
  53  5:55  Roach  
  67  6:02  Ravager  
  70  6:04  Roach  
  70  6:18  Zergling x14  
  71  6:20  Queen  
  65  6:39  Zergling x18  
  68  7:01  Drone  
  68  7:02  Drone x5  
  68  7:03  Drone x2  
Tags
 
Add a new tag
Caveats
  • Supply blocks, unpowered buildings, or Contaminate may cause inaccurate times.
  • Supply counts are checked every 10 seconds.